Arrhythmia, chaotic female vampiric Convict -------- #######################[##############%############.......| ------------ # #---------------------------------# ##|......| |..........|### #|...............................|_ # .......| |..........-# #|.------------.....------------.a@####)#))[(.[<...| |..........| #|.|...|...|%.|.....-..|(((|...|[|### # -------- |..........| #|.|...|...|%(|.....|..|(((|...|.| # |.....>....+##########|.|...|...|..|.....|..|...|...|.| ------.----- #|.|...|...|-|-.....----|---|---.| # #|.---|-|---..........).)........| # ###|.............{....%.{..........| # # |.-|-----|-....---|--...........| # ### |.|...|...|---.|....|.-------|-.| ----.------- # |.|((%|...|..|.|....|.| |....|.| |...........#### |.|(((|...|.)-.|.(_.|.+ |....|.| |..........| # |.|(((|...|..|.|..[.|.| |....|.| |...........## |.------------.------.---------.| ------------ |...............................| --------------------------------- Arrhythmia the Jail-bird Experience level: 9 Strength: 14 Dexterity: 12 Constitution: 20 Intelligence: 10 Wisdom: 12 Charisma: 9 Health: 0(105) Energy: 53(53) AC: -4 Gold: 165 Moves: 4278 Your Inventory: Coins $ - 165 gold pieces Armor a - a blessed +2 pair of fencing gloves [leather] (being worn) b - a cursed +0 striped shirt (being worn) u - an uncursed +0 dwarvish mithril-coat (being worn) E - an uncursed +0 elven cloak (being worn) H - a blessed +0 pair of jackboots [high] (being worn) L - an uncursed +1 iron skull cap [orcish helm] (being worn) Tools B - an uncursed lock pick Iron balls c - an uncursed heavy iron ball (chained to you) (weapon in hand) Spells known in the end: Name Level Category Fail Memory a - invisibility 4 escape 100% [||||||||] Your skills at the end: Fighting Skills Weapon Skills sling [Basic / Skilled] Spellcasting Skills Final Attributes: You had strayed. Hunger level was -94. Your alignment was -2 / 31. Monster difficulty range was 1 - 7. Level difficulty was 6. You were immune to poison. You were immune to level-drain. You were immune to sickness. You were punished. You were stealthy. You could fly. You could survive without air. You regenerated. Your luck was zero. You are dead. Vanquished creatures: a watch captain 3 small mimics 2 large dogs 4 watchmen a crocodile a leprechaun an ice vortex a gnome king a dingo a dust vortex a raven a gnome mummy a Woodland-elf a rock mole a violet fungus 6 gnome lords 2 gnomish wizards a straw golem 2 giant ants 2 floating eyes 5 dwarves a kobold lord 2 hill orcs a rothe a giant bat 4 dwarf zombies 3 iguanas 2 killer bees 2 acid blobs 3 hobbits 2 hobgoblins 3 giant rats a cave spider a red mold 33 gnomes 2 gnome zombies 3 geckos 3 jackals 2 foxes 5 goblins 2 sewer rats 8 grid bugs a lichen 2 kobold zombies 2 newts 128 creatures vanquished. Voluntary challenges: You went without food. You never hit with a wielded weapon. You read items or engraved 3 times. You put on armor 35 times. You never genocided any monsters. You never polymorphed an object. You never changed form. You used no wishes. You abstained from Elbereth's help. You never encountered a bones level. You never used any Sokoban shortcuts. Dungeon overview: The Dungeons of Doom: levels 1 to 3 Level 1 some fountains a long staircase Level 3 a delicatessen, an altar, a fountain stairs to The Gnomish Mines The Gnomish Mines: levels 4 to 6 Level 4 stairs to The Dungeons of Doom Level 6 <- You were here some shops, a temple, a magic chest, some fountains History has recorded: On T:1 you entered the Dungeons of Doom to retrieve the Amulet of Yendor! On T:33 you reached level 2 of The Dungeons of Doom. On T:57 you advanced to experience level 2. On T:149 you advanced to experience level 3. On T:259 you advanced to experience level 4. On T:897 you reached level 3 of The Dungeons of Doom. On T:909 you advanced to experience level 5. On T:1076 you advanced to experience level 6. On T:1243 you reached level 1 of The Gnomish Mines. On T:1415 you advanced to experience level 7. On T:1684 you reached level 2 of The Gnomish Mines. On T:2392 you reached level 3 of The Gnomish Mines. On T:2411 you advanced to experience level 8. On T:4022 you advanced to experience level 9. Latest messages: The soldier ant misses. The soldier ant stings! [HP-11=21] The soldier ant bites! The soldier ant misses. [HP-2=19] The soldier ant misses. The soldier ant stings! The soldier ant misses. (2x) [HP-5=14] The soldier ant bites! The soldier ant just misses! [HP-3=11] The soldier ant misses. The soldier ant stings! The soldier ant bites! The soldier ant just misses! [HP-8=3] The soldier ant bites! The soldier ant misses. [HP-1=2] The soldier ant bites! You die... Final status: Goodbye Arrhythmia the Convict... You died in The Gnomish Mines on dungeon level 6 with 7189 points, and 165 pieces of gold, after 4278 moves. You were level 9 with a maximum of 105 hit points when you died.